 Dungeon Crawl Stone Soup version 0.19.1-1-g22dce08 (webtiles) character file.

5439 Alarkh the Cleaver (level 10, 0/80 HPs)
             Began as a Pale Draconian Skald on Jan 8, 2017.
             Was a High Priest of Okawaru.
             Slain by an earth elemental (17 damage)
             ... summoned by a deep elf mage
             ... in a bailey.
             The game lasted 00:14:51 (7265 turns).

Alarkh the Cleaver (Pale Draconian Skald)           Turns: 7265, Time: 00:14:53

Health: 0/80       AC:  7    Str: 14    XL:     10   Next: 41%
Magic:  7/19       EV: 16    Int: 16    God:    Okawaru [*****.]
Gold:   428        SH:  0    Dex: 11    Spells: 5 memorised, 10 levels left

rFire  . . .     SeeInvis .     a - +4 hand axe
rCold  . . .     Gourm    .     (armour unavailable)
rNeg   . . .     Faith    .     (no shield)
rPois  .         Spirit   .     (helmet restricted)
rElec  .         Reflect  .     (no cloak)
rCorr  .         Harm     .     (no gloves)
MR     .....                    (no boots)
Stlth  +++.......               (no amulet)
                                (no ring)
                                (no ring)

@: about to teleport, short of breath, heroism, regenerating
A: breathe steam, unfitting armour, cold-blooded, AC +7
a: Breathe Steam, Heroism, Finesse, Renounce Religion


You were in a bailey.
You worshipped Okawaru.
Okawaru was extremely pleased with you.
You were not hungry.

You visited 2 branches of the dungeon, and saw 9 of its levels.
You also visited: Bailey.

You collected 428 gold pieces.

Inventory:

Hand Weapons
 a - a +4 hand axe (weapon)
 r - a +0 spear
Armour
 H - a +0 pair of boots
Jewellery
 x - an uncursed amulet of harm
 I - an uncursed ring of fire
Wands
 z - a wand of acid (15/15)
Scrolls
 e - a scroll of identify
 f - 9 scrolls of remove curse
 g - a scroll of amnesia
 h - 2 scrolls of magic mapping
 i - a scroll of blinking
 j - 3 scrolls of recharging
 o - a scroll of immolation
 p - a scroll of noise {unknown}
 s - 3 scrolls of teleportation
 y - a scroll of fear {unknown}
 A - a scroll of random uselessness {unknown}
 B - a scroll of enchant armour {unknown}
Potions
 d - 3 potions of agility
 l - 5 potions of curing
 m - a potion of invisibility
 t - 3 potions of mutation
 w - 2 potions of magic
 D - 2 potions of berserk rage
 E - a potion of lignification
Books
 b - a book of Battle

   Spells                             Type                      Level
   a - Infusion                       Charms                       1
   b - Shroud of Golubria             Charms/Translocation         2
   c - Song of Slaying                Charms                       2
   d - Spectral Weapon                Hexes/Charms                 3
   e - Regeneration                   Charms/Necromancy            3
 u - the Papyrus of Gliding Contamination
   (You found it on level 5 of the Dungeon)

   Spells                             Type                      Level
   a - Sting                          Conjuration/Poison           1
   b - Static Discharge               Conjuration/Air              3
   c - Poisonous Cloud                Conjuration/Poison/Air       6
   d - Tornado                        Air                          9
 v - a book of Maledictions

   Spells                             Type                      Level
   a - Corona                         Hexes                        1
   b - Ensorcelled Hibernation        Hexes/Ice                    2
   c - Confuse                        Hexes                        3
   d - Tukima's Dance                 Hexes                        3
   e - Dazzling Spray                 Conjuration/Hexes            3
 C - a book of Frost

   Spells                             Type                      Level
   a - Freeze                         Ice                          1
   b - Throw Frost                    Conjuration/Ice              2
   c - Ozocubu's Armour               Charms/Ice                   3
   d - Throw Icicle                   Conjuration/Ice              4
   e - Summon Ice Beast               Ice/Summoning                4
 F - a book of Air

   Spells                             Type                      Level
   a - Shock                          Conjuration/Air              1
   b - Swiftness                      Charms/Air                   2
   c - Repel Missiles                 Charms/Air                   2
   d - Static Discharge               Conjuration/Air              3
   e - Lightning Bolt                 Conjuration/Air              5
Comestibles
 c - 5 bread rations
 k - 6 beef jerkies
 n - 4 meat rations
 q - a slice of pizza
 G - 3 chunks of flesh
 J - a royal jelly


   Skills:
 + Level 4.4(9.4) Fighting
 * Level 12.0(17.0) Axes
 + Level 3.3(8.3) Dodging
 - Level 6.1 Spellcasting
 - Level 5.0 Charms
 + Level 3.3 Invocations


You had 10 spell levels left.
You knew the following spells:

 Your Spells              Type           Power        Failure   Level  Hunger
a - Spectral Weapon       Hex/Chrm       ##......     14%         3    ##.....
b - Infusion              Chrm           ###.         1%          1    None
d - Repel Missiles        Chrm/Air       ##....       10%         2    #......
e - Regeneration          Chrm/Necr      ##........   14%         3    ##.....
r - Swiftness             Chrm/Air       ##......     10%         2    #......


Dungeon Overview and Level Annotations

Branches:
Dungeon (8/15)             Temple (1/1) D:4
   Lair: D:8-11

Altars:
Ashenzari
Cheibriados
Dithmenos
Elyvilon
Fedhas
Gozag
Hepliaklqana
Kikubaaqudgha
Makhleb
Nemelex Xobeh
Okawaru
Qazlal
Ru
Sif Muna
Uskayaw
Vehumet
Xom
Yredelemnul
Zin
The Shining One


Innate Abilities, Weirdness & Mutations

You can breathe blasts of scalding, opaque steam.
Your pale cyan-grey scales are hard. (AC +7)
You cannot fit into any form of body armour.
You are cold-blooded and may be slowed by cold attacks.


Message History

Casting: Regeneration
Confirm with . or Enter, or press ? or * to list all spells.
Your skin crawls.
The earth elemental hits you!
The earth elemental hits your spectral weapon.
Your spectral weapon shares its damage with you!
* * * LOW HITPOINT WARNING * * *
You hit the deep elf mage but do no damage.
You hit the earth elemental but do no damage.
Your spectral weapon hits the deep elf mage.
Your spectral weapon hits the earth elemental but does no damage. x2
You barely miss the deep elf mage.
The deep elf mage is lightly wounded.
You hit the earth elemental.
Your spectral weapon hits the deep elf mage.
Your spectral weapon hits the earth elemental but does no damage. x2
The deep elf mage gestures at you while chanting.
The shard of ice hits you!
* * * LOW HITPOINT WARNING * * *
The earth elemental hits you!
You die...

#..∩..##..##
#.....#....#
##...##....#
####'##..##
##...###
#.....#
#.)∩Ee#
#.)E(.#
#.Ye@##
#'##### ..#
..Y. #....
#.... ##..
.##


You could see 2 earth elementals, 2 deep elf magi, an ice beast and a friendly
spectral hand axe.

Vanquished Creatures
  The ghost of godfroggy the Cutter, a novice VSEn of Dithmenos (D:8)
  4 deep elf magi (Bailey)
  Joseph (D:7)
  Grinder (D:6)
  The ghost of Yoshimo the Cutter, an amateur SpEn (D:5)
  A hungry ghost (D:8)
  Duvessa (D:7)
  An orc warrior (D:6)
  2 sky beasts
  3 phantoms
  A centaur (D:8)
  2 ogres
  A crocodile (D:8)
  4 bullfrogs
  Dowan (D:7)
  5 scorpions
  2 howler monkeys
  A crimson imp (D:6)
  2 orc priests
  3 hounds
  2 jellies
  11 orc wizards
  Jessica (D:5)
  2 iguanas
  4 worker ants
  7 gnolls
  6 adders
  An ooze (D:4)
  5 worms
  2 dart slugs
  2 leopard geckos
  19 orcs
  2 ball pythons
  6 bats
  10 giant cockroaches
  8 goblins
  6 hobgoblins
  A jackal (D:6)
  9 kobolds
  5 quokkas
  3 frilled lizards
  A jackal zombie (D:5)
  A quokka skeleton (D:6)
  8 rats
  3 fungi (D:4)
163 creatures vanquished.

Vanquished Creatures (others)
  2 spectral weapons
2 creatures vanquished.

Grand Total: 165 creatures vanquished

Notes
Turn   | Place    | Note
-------+----------+-------------------------------------------
     0 | D:1      | Alarkh the Draconian Skald began the quest for the Orb.
     0 | D:1      | Reached XP level 1. HP: 17/17 MP: 3/3
   257 | D:1      | Reached XP level 2. HP: 21/24 MP: 0/5
   295 | D:2      | Found a radiant altar of Vehumet.
   321 | D:2      | Reached skill level 3 in Axes
   384 | D:2      | Gained mutation: Your muscles are strong. (Str +2) [potion of beneficial mutation]
   850 | D:1      | Reached XP level 3. HP: 29/29 MP: 6/6
  1412 | D:2      | Reached skill level 4 in Axes
  1700 | D:3      | Reached XP level 4. HP: 32/36 MP: 2/7
  1829 | D:3      | Noticed a sky beast
  1893 | D:3      | Lost mutation: Your muscles are strong. (Str +2) [potion of cure mutation]
  2312 | D:3      | Learned a level 3 spell: Regeneration
  2340 | D:3      | Learned a level 3 spell: Spectral Weapon
  2561 | D:3      | Killed a sky beast
  2561 | D:3      | Reached skill level 5 in Axes
  2561 | D:3      | Reached XP level 5. HP: 14/41 MP: 0/9
  3180 | D:3      | Reached XP level 6. HP: 21/48 MP: 0/11
  3404 | D:4      | Found a staircase to the Ecumenical Temple.
  3419 | Temple   | Entered the Ecumenical Temple
  3612 | Temple   | Became a worshipper of Warmaster Okawaru
  3914 | D:4      | Found a blossoming altar of Fedhas.
  3991 | D:4      | Your scales start taking on a pale cyan-grey colour.
  3991 | D:4      | Reached XP level 7. HP: 55/55 MP: 9/13
  4004 | D:4      | Reached skill level 6 in Axes
  4176 | D:4      | Found a sparkling altar of Nemelex Xobeh.
  4176 | D:4      | Found a shimmering altar of Xom.
  4369 | D:5      | Entered Level 5 of the Dungeon
  4421 | D:5      | Reached * piety under Okawaru
  4428 | D:5      | Identified the Papyrus of Gliding Contamination
  4547 | D:5      | Noticed Yoshimo's ghost (amateur SpEn)
  4551 | D:5      | Killed Yoshimo's ghost
  4692 | D:5      | Found a deep blue altar of Sif Muna.
  4751 | D:5      | Reached skill level 5 in Spellcasting
  4997 | D:5      | Noticed Jessica
  5003 | D:5      | Killed Jessica
  5013 | D:5      | Found a deep blue altar of Sif Muna.
  5068 | D:6      | Reached XP level 8. HP: 61/61 MP: 15/15
  5154 | D:6      | Reached skill level 7 in Axes
  5216 | D:6      | Noticed Grinder
  5219 | D:6      | Killed Grinder
  5219 | D:6      | Reached ** piety under Okawaru
  5514 | D:6      | Reached skill level 5 in Charms
  5611 | D:6      | Found a shattered altar of Ashenzari.
  5877 | D:6      | Reached skill level 8 in Axes
  6063 | D:7      | Learned a level 2 spell: Repel Missiles
  6066 | D:7      | Learned a level 2 spell: Swiftness
  6118 | D:7      | Noticed Duvessa
  6119 | D:7      | Noticed Dowan
  6133 | D:7      | Killed Dowan
  6134 | D:7      | Killed Duvessa
  6134 | D:7      | Reached *** piety under Okawaru
  6165 | D:7      | Noticed Joseph
  6201 | D:7      | Killed Joseph
  6201 | D:7      | Reached skill level 9 in Axes
  6201 | D:7      | Reached XP level 9. HP: 33/67 MP: 9/18
  6739 | D:8      | Reached skill level 10 in Axes
  6747 | D:8      | Noticed godfroggy's ghost (novice VSEn)
  6771 | D:8      | Killed godfroggy's ghost
  6771 | D:8      | Reached skill level 11 in Axes
  6773 | D:8      | Reached **** piety under Okawaru
  6879 | D:8      | Reached skill level 1 in Invocations
  6984 | D:8      | Found a flagged portal.
  7007 | Bailey   | Entered a bailey
  7013 | Bailey   | Noticed a deep elf mage
  7023 | Bailey   | Killed a deep elf mage
  7023 | Bailey   | Reached XP level 10. HP: 19/77 MP: 12/19
  7231 | Bailey   | Noticed a deep elf mage
  7234 | Bailey   | Noticed a deep elf mage
  7240 | Bailey   | Killed a deep elf mage
  7244 | Bailey   | Noticed a deep elf mage
  7251 | Bailey   | Noticed a deep elf mage
  7252 | Bailey   | Killed a deep elf mage
  7252 | Bailey   | Reached ***** piety under Okawaru
  7256 | Bailey   | Killed a deep elf mage
  7256 | Bailey   | Reached skill level 12 in Axes
  7257 | Bailey   | Noticed a deep elf mage
  7265 | Bailey   | Slain by an earth elemental

Skill      XL: |  1  2  3  4  5  6  7  8  9 10 |
---------------+-------------------------------+-----
Axes           | 3 4 5 6 9 11 12 | 12.0
Spellcasting   | 3 4 5 6 |  6.1
Charms         | 3 4 5 |  5.0
Invocations    | 2 3 |  3.3
Dodging        | 2 3 |  3.3
Fighting       | 3 4 |  4.4

Action                   |  1- 3 |  4- 6 |  7- 9 | 10-12 || total
-------------------------+-------+-------+-------+-------++-------
Melee: Hand axe          |   113 |   138 |   167 |    18 ||   436
       Tailslap          |    17 |    15 |    16 |     2 ||    50
 Cast: Infusion          |    12 |    11 |       |       ||    23
       Regeneration      |       |    15 |     9 |     4 ||    28
       Spectral Weapon   |       |     2 |    11 |     2 ||    15
       Repel Missiles    |       |       |     1 |       ||     1
       Swiftness         |       |       |     1 |       ||     1
Invok: Heroism           |       |       |     2 |     1 ||     3
 Abil: Breathe Steam     |       |       |    50 |     4 ||    54
  Use: Scroll            |     6 |     3 |    13 |     1 ||    23
       Potion            |     1 |     2 |       |       ||     3
 Stab: Sleeping          |     1 |       |     2 |       ||     3
       Distracted        |       |       |     2 |     1 ||     3
  Eat: Chunk             |     3 |    10 |    18 |     1 ||    32
Armor: Skin              |    35 |    62 |    29 |     3 ||   129
Dodge: Dodged            |    81 |    62 |    59 |     9 ||   211
       Deflected         |       |       |     5 |     2 ||     7
